St.Louis Blues vs Anaheim Ducks
(R2)
Created - Saturday, May 13, 2023 at 07:00
Goals
|
| St.Louis Blues |
0 |
1 |
1 |
2 |
| Anaheim Ducks |
0 |
1 |
2 |
3 |
|
Shots
|
| St.Louis Blues |
9 |
15 |
7 |
31 |
| Anaheim Ducks |
8 |
8 |
20 |
36 |
|
1st period
No Goal
Penalties :
Josh Morrissey (ANA) for Goalie Interference (Minor) at 0:15, Tage Thompson (STL) for Hooking (Minor) at 6:26, Ivan Provorov (ANA) for Roughing (Minor) at 19:45
2nd period
1. Anaheim Ducks , William Nylander 23 (Nazem Kadri 38, Mark Scheifele 25) at 7:42
2. St.Louis Blues , Alex Tuch 11 (Jake Guentzel 24, Elias Pettersson 35) at 12:37
Penalties :
Morgan Rielly (STL) for Cross-checking (Minor) at 14:22, Josh Manson (ANA) for High sticking (Minor) at 17:06
3rd period
3. Anaheim Ducks , Nazem Kadri 28 (William Nylander 34) at 3:33 (PP)
4. Anaheim Ducks , Teuvo Teravainen 15 (Jakob Chychrun 10) at 16:38
5. St.Louis Blues , Elias Pettersson 25 (Alex Tuch 16, Robert Thomas 26) at 19:20 (PP)
Penalties :
Adam Pelech (STL) for Hooking (Minor) at 3:29, Morgan Rielly (STL) for Tripping (Minor) at 4:24, Nazem Kadri (ANA) for High sticking (Minor) at 13:19, John Tavares (ANA) for Holding (Minor) at 17:59
Goalie Stats
Scott Wedgewood (STL), 33 saves from 36 shots - (0.917), L, 5-8-3, 59:28 minutes
Linus Ullmark (ANA), 29 saves from 31 shots - (0.935), W, 17-10-4, 60:00 minutes
Players Stats for St.Louis Blues
Player Name G A P +/- PIM S H SB GA TA FO MP PP MP PK MP
------------------------------------------------------------------------------------
Adam Pelech 0 0 0 -1 2 0 0 0 0 0 0/0 14:02 0:00 3:43
Alex DeBrincat 0 0 0 0 0 5 3 1 1 0 0/2 15:51 3:53 0:25
Alex Pietrangelo 0 0 0 0 0 1 0 0 0 0 0/0 22:54 3:29 0:00
Alex Tuch 1 1 2 1 0 4 4 1 0 1 1/2 18:55 5:23 0:00
Colton Parayko 0 0 0 0 0 0 0 0 0 1 0/0 21:24 0:00 2:18
Danny DeKeyser 0 0 0 -1 0 0 0 0 0 0 0/0 14:03 0:00 3:43
Elias Pettersson 1 1 2 1 0 5 1 0 3 0 11/21 19:58 5:23 0:59
Evander Kane 0 0 0 -1 0 1 2 0 0 0 0/1 15:29 3:53 0:00
Frederick Gaudreau 0 0 0 -1 0 1 0 0 0 1 1/6 11:06 0:01 3:05
Jack Eichel 0 0 0 -1 0 0 1 1 0 0 3/6 11:55 0:01 0:00
Jake Guentzel 0 1 1 1 0 0 1 3 1 0 0/0 20:23 5:48 0:00
Joe Pavelski 0 0 0 -1 0 1 1 1 0 0 0/1 15:29 3:53 0:00
Jonas Brodin 0 0 0 0 0 3 1 1 0 0 0/0 15:12 0:00 2:18
Morgan Rielly 0 0 0 0 4 2 3 0 0 0 0/0 20:43 5:48 0:00
Ondrej Kase 0 0 0 -1 0 2 2 0 0 0 0/1 9:21 0:00 1:44
Robert Thomas 0 1 1 0 0 2 1 0 0 0 10/19 19:37 5:23 1:44
Tage Thompson 0 0 0 0 2 2 1 1 0 0 0/1 16:28 3:29 1:01
Yanni Gourde 0 0 0 -1 0 2 1 1 1 0 0/0 11:05 0:01 3:04
Players Stats for Anaheim Ducks
Player Name G A P +/- PIM S H SB GA TA FO MP PP MP PK MP
------------------------------------------------------------------------------------
Alex Killorn 0 0 0 0 0 4 2 1 1 0 0/0 17:18 0:16 5:32
Brayden Schenn 0 0 0 0 0 0 0 0 0 0 0/0 0:34 0:00 0:00
Brenden Dillon 0 0 0 0 0 0 0 1 0 1 0/0 13:18 0:00 1:55
Calle Jarnkrok 0 0 0 0 0 1 0 0 1 0 0/0 9:50 0:06 0:00
Chandler Stephenson 0 0 0 0 0 3 2 0 1 0 14/25 16:58 0:00 5:36
Esa Lindell 0 0 0 2 0 2 1 1 0 0 0/0 24:39 2:19 5:25
Ivan Provorov 0 0 0 -1 2 2 0 5 0 2 0/0 28:29 3:42 4:37
J.T. Compher 0 0 0 1 0 1 1 0 0 0 0/0 20:49 2:53 3:25
Jakob Chychrun 0 1 1 2 0 2 0 3 0 0 0/0 19:37 2:19 3:52
John Tavares 0 0 0 1 2 1 2 0 0 0 4/6 15:19 3:01 1:30
Josh Manson 0 0 0 0 2 1 0 1 0 0 0/0 13:44 0:00 2:45
Josh Morrissey 0 0 0 -1 2 6 2 1 0 1 0/0 20:59 3:42 0:00
Mark Scheifele 0 1 1 0 0 1 1 0 0 0 1/2 16:31 3:00 0:16
Mason Marchment 0 0 0 0 0 3 1 0 0 0 0/0 9:44 0:00 0:00
Nazem Kadri 1 1 2 0 2 4 3 0 0 0 12/21 19:18 2:52 0:07
Radek Faksa 0 0 0 0 0 0 2 1 0 0 2/4 12:54 0:00 2:08
Teuvo Teravainen 1 0 1 1 0 2 2 0 0 1 1/2 13:30 3:01 0:00
William Nylander 1 1 2 0 0 3 0 1 0 1 0/0 17:07 2:54 0:00
3 Stars
1 - Alex Tuch (STL)
2 - Elias Pettersson (STL)
3 - William Nylander (ANA)
Power Play
St.Louis Blues - 1 on 5 Attempt(s) - 20.00%
Anaheim Ducks - 1 on 4 Attempt(s) - 25.00%
Penalty Kill
St.Louis Blues - 3 on 4 Attempt(s) - 75.00%
- Score 0 goal in Penalty Kill
Anaheim Ducks - 4 on 5 Attempt(s) - 80.00%
- Score 0 goal in Penalty Kill
Team Stat
St.Louis Blues - Hits : 22 - Faceoff Wins : 26 - Blocked Shots : 10 - Penalty Minutes : 8
Anaheim Ducks - Hits : 19 - Faceoff Wins : 34 - Blocked Shots : 15 - Penalty Minutes : 10
Official
Referees : Graham Skiliter and Greg Kimmerly
Linesman : Mark Shewchyk and Ryan Gibbons
Game Notes
Brayden Schenn is injured at 3:50 of 1st period (Sore Left Knee)
Finance
Level 1 -- Attendance: 4564 (76.07%) -- Ticket Income $456,400
Level 2 -- Attendance: 4107 (82.14%) -- Ticket Income $246,420
Level 3 -- Attendance: 1830 (61.00%) -- Ticket Income $84,180
Level 4 -- Attendance: 3693 (73.86%) -- Ticket Income $92,325
Luxury Box -- Attendance: 749 (74.90%) -- Ticket Income $149,800
Game was played at the Honda Center.
Total Attendance: 14943 (74.72%)
Total Ticket Income: $1,029,125
Other Income: $360,194
Total Income: $1,389,319
St.Louis Blues
5 vs 5 Forward
Center Left Wing Right Wing Time % Phy DF OF
1 Elias Pettersson Alex Tuch Jake Guentzel 40 0 2 3
2 Robert Thomas Alex DeBrincat Tage Thompson 30 0 2 3
3 Jack Eichel Evander Kane Joe Pavelski 20 1 2 2
4 Frederick Gaudreau Yanni Gourde Ondrej Kase 10 1 2 2
5 vs 5 Defense
Defense Defense Time % Phy DF OF
1 Alex Pietrangelo Colton Parayko 40 1 2 2
2 Morgan Rielly Jonas Brodin 30 1 2 2
3 Danny DeKeyser Adam Pelech 20 1 2 2
4 Alex Pietrangelo Colton Parayko 10 1 2 2
PowerPlay Forward
Center Left Wing Right Wing Time % Phy DF OF
1 Robert Thomas Alex Tuch Elias Pettersson 60 1 0 4
2 Joe Pavelski Alex DeBrincat Evander Kane 40 1 0 4
PowerPlay Defense
Defense Defense Time % Phy DF OF
1 Morgan Rielly Jake Guentzel 60 0 1 4
2 Tage Thompson Alex Pietrangelo 40 0 1 4
Penalty Kill 4 Players Forward
Center Wing Time % Phy DF OF
1 Frederick Gaudreau Yanni Gourde 60 0 5 0
2 Robert Thomas Ondrej Kase 40 0 5 0
Penalty Kill 4 Players Defense
Defense Defense Time % Phy DF OF
1 Adam Pelech Danny DeKeyser 60 1 4 0
2 Jonas Brodin Colton Parayko 40 1 4 0
Penalty Kill - 3 Players Forward
Forward Time % Phy DF OF
1 Frederick Gaudreau 60 0 5 0
2 Robert Thomas 40 0 5 0
Penalty Kill - 3 Players Defense
Defense Defense Time % Phy DF OF
1 Adam Pelech Danny DeKeyser 60 0 5 0
2 Jonas Brodin Colton Parayko 40 0 5 0
4 vs 4 Forward
Center Wing Time % Phy DF OF
1 Elias Pettersson Jake Guentzel 60 0 2 3
2 Robert Thomas Alex Tuch 40 0 2 3
4 vs 4 Defense
Defense Defense Time % Phy DF OF
1 Alex Pietrangelo Colton Parayko 60 0 3 2
2 Morgan Rielly Jonas Brodin 40 0 3 2
Last Minutes Offensive
Center Left Wing Right Wing Defense Defense
Robert Thomas Elias Pettersson Alex Tuch Morgan Rielly Jake Guentzel
Last Minutes Defensive
Center Left Wing Right Wing Defense Defense
Frederick Gaudreau Yanni Gourde Ondrej Kase Colton Parayko Alex Pietrangelo
Goaltenders
Starting : Scott Wedgewood
Backup : Frederik Andersen
Extra Forwards
Normal : Tage Thompson, Evander Kane, Frederick Gaudreau - PP : Alex DeBrincat, Jack Eichel - PK : Tage Thompson
Extra Defensemen
Normal : Morgan Rielly, Colton Parayko, Adam Pelech - PP : Colton Parayko - PK : Colton Parayko, Alex Pietrangelo
Penalty Shots
Alex DeBrincat, Joe Pavelski, Tage Thompson, Elias Pettersson, Robert Thomas
Anaheim Ducks
5 vs 5 Forward
Center Left Wing Right Wing Time % Phy DF OF
1 Nazem Kadri Mark Scheifele William Nylander 37 1 2 2
2 John Tavares Brayden Schenn Teuvo Teravainen 33 1 2 2
3 Chandler Stephenson J.T. Compher Alex Killorn 25 1 2 2
4 Radek Faksa Calle Jarnkrok Mason Marchment 5 1 2 2
5 vs 5 Defense
Defense Defense Time % Phy DF OF
1 Ivan Provorov Josh Morrissey 40 1 2 2
2 Jakob Chychrun Esa Lindell 30 1 2 2
3 Brenden Dillon Josh Manson 20 1 2 2
4 Ivan Provorov Esa Lindell 10 1 2 2
PowerPlay Forward
Center Left Wing Right Wing Time % Phy DF OF
1 Nazem Kadri Mark Scheifele William Nylander 60 1 2 2
2 John Tavares Brayden Schenn Teuvo Teravainen 40 1 2 2
PowerPlay Defense
Defense Defense Time % Phy DF OF
1 Ivan Provorov Josh Morrissey 60 1 2 2
2 Esa Lindell Jakob Chychrun 40 1 2 2
Penalty Kill 4 Players Forward
Center Wing Time % Phy DF OF
1 Chandler Stephenson Alex Killorn 60 1 2 2
2 Radek Faksa J.T. Compher 40 1 2 2
Penalty Kill 4 Players Defense
Defense Defense Time % Phy DF OF
1 Ivan Provorov Esa Lindell 60 1 2 2
2 Josh Manson Jakob Chychrun 40 1 2 2
Penalty Kill - 3 Players Forward
Forward Time % Phy DF OF
1 Alex Killorn 60 1 2 2
2 Chandler Stephenson 40 1 2 2
Penalty Kill - 3 Players Defense
Defense Defense Time % Phy DF OF
1 Ivan Provorov Esa Lindell 60 1 2 2
2 Josh Manson Jakob Chychrun 40 1 2 2
4 vs 4 Forward
Center Wing Time % Phy DF OF
1 Nazem Kadri William Nylander 60 1 2 2
2 John Tavares Mark Scheifele 40 1 2 2
4 vs 4 Defense
Defense Defense Time % Phy DF OF
1 Esa Lindell Ivan Provorov 60 1 2 2
2 Brenden Dillon Jakob Chychrun 40 1 2 2
Last Minutes Offensive
Center Left Wing Right Wing Defense Defense
Nazem Kadri Mark Scheifele William Nylander Jakob Chychrun Josh Morrissey
Last Minutes Defensive
Center Left Wing Right Wing Defense Defense
Chandler Stephenson Alex Killorn Radek Faksa Ivan Provorov Esa Lindell
Goaltenders
Starting : Linus Ullmark
Backup : Jack Campbell
Extra Forwards
Normal : Nazem Kadri, William Nylander, Mark Scheifele - PP : William Nylander, Nazem Kadri - PK : Alex Killorn
Extra Defensemen
Normal : Ivan Provorov, Esa Lindell, Jakob Chychrun - PP : Josh Morrissey - PK : Ivan Provorov, Esa Lindell
Penalty Shots
Jakob Chychrun, Brenden Dillon, Mark Scheifele, John Tavares, Nazem Kadri
% Time on Ice - St.Louis Blues
Lines # - Real PCT - Wanted PCT - Time Play
Normal Forward
1 - 30% - 40% - 13:21
2 - 26% - 30% - 11:30
3 - 26% - 20% - 11:36
4 - 17% - 10% - 7:36
Normal Defense
1 - 42% - 40% - 18:18
2 - 30% - 30% - 13:23
3 - 23% - 20% - 9:58
4 - 5% - 10% - 2:24
PP Forward
1 - 58% - 60% - 5:24
2 - 42% - 40% - 3:53
PP Defense
1 - 62% - 60% - 5:48
2 - 38% - 40% - 3:29
PK Forward
1 - 71% - 60% - 4:17
2 - 29% - 40% - 1:44
PK Defense
1 - 62% - 60% - 3:43
2 - 38% - 40% - 2:18
PK3 Forward
1 - 0% - 60%
2 - 0% - 40%
PK3 Defense
1 - 0% - 60%
2 - 0% - 40%
44 Forward
1 - 0% - 60%
2 - 0% - 40%
44 Defense
1 - 0% - 60%
2 - 0% - 40%
Last Minute Offensive - 0:39
Last Minute Defensive - 0:00
Total
Forward - 60:00
Defense - 60:00
|
% Time on Ice - Anaheim Ducks
Lines # - Real PCT - Wanted PCT - Time Play
Normal Forward
1 - 29% - 37% - 12:47
2 - 25% - 33% - 11:00
3 - 24% - 25% - 10:32
4 - 22% - 5% - 9:44
Normal Defense
1 - 40% - 40% - 17:24
2 - 30% - 30% - 13:26
3 - 25% - 20% - 10:55
4 - 5% - 10% - 2:18
PP Forward
1 - 46% - 60% - 2:47
2 - 54% - 40% - 3:14
PP Defense
1 - 61% - 60% - 3:42
2 - 39% - 40% - 2:19
PK Forward
1 - 77% - 60% - 7:09
2 - 23% - 40% - 2:08
PK Defense
1 - 58% - 60% - 5:25
2 - 42% - 40% - 3:52
PK3 Forward
1 - 0% - 60%
2 - 0% - 40%
PK3 Defense
1 - 0% - 60%
2 - 0% - 40%
44 Forward
1 - 0% - 60%
2 - 0% - 40%
44 Defense
1 - 0% - 60%
2 - 0% - 40%
Last Minute Offensive - 0:00
Last Minute Defensive - 0:39
Total
Forward - 60:00
Defense - 60:00
|
Play-by-Play
1st period
0:01 of 1st period - Nazem Kadri wins face-off versus Elias Pettersson in neutral zone.
0:15 of 1st period - Minor Penalty to Josh Morrissey for Goalie Interference.
0:16 of 1st period - Chandler Stephenson wins face-off versus Robert Thomas in Anaheim Ducks zone.
0:43 of 1st period - Radek Faksa is hit by Morgan Rielly and loses puck.
1:50 of 1st period - Alex Killorn is hit by Alex Tuch and loses puck.
2:15 of 1st period - Penalty to Josh Morrissey is over, Josh Morrissey is back on ice.
2:29 of 1st period - Snap shot by Jack Eichel.
2:29 of 1st period - Shot Blocked by Jakob Chychrun.
2:54 of 1st period - Ivan Provorov is hit by Alex DeBrincat.
3:04 of 1st period - Ondrej Kase is hit by Josh Morrissey and loses puck.
3:25 of 1st period - Evander Kane is hit by Mark Scheifele and loses puck.
3:49 of 1st period - Brayden Schenn is hit by Alex DeBrincat and loses puck.
3:50 of 1st period - Brayden Schenn from Anaheim Ducks is injured at 3:50 of 1st period (Sore Left Knee).
3:51 of 1st period - Elias Pettersson wins face-off versus Chandler Stephenson in Anaheim Ducks zone.
4:28 of 1st period - Mark Scheifele is hit by Morgan Rielly and loses puck.
5:00 of 1st period - Wrist shot by Mason Marchment.
5:00 of 1st period - Shot Misses the Net.
5:16 of 1st period - Jakob Chychrun is hit by Alex Tuch and loses puck.
5:42 of 1st period - Icing by Alex Pietrangelo.
5:43 of 1st period - Nazem Kadri wins face-off versus Evander Kane in St.Louis Blues zone.
6:10 of 1st period - Jonas Brodin is hit by Esa Lindell and loses puck.
6:19 of 1st period - Slapshot by John Tavares.
6:19 of 1st period - Stopped by Scott Wedgewood without a rebound.
6:20 of 1st period - Teuvo Teravainen wins face-off versus Robert Thomas in St.Louis Blues zone.
6:26 of 1st period - Minor Penalty to Tage Thompson for Hooking.
6:27 of 1st period - Nazem Kadri wins face-off versus Frederick Gaudreau in St.Louis Blues zone.
7:29 of 1st period - Slapshot by Teuvo Teravainen.
7:29 of 1st period - Shot Blocked by Jonas Brodin.
7:54 of 1st period - Snap shot by Teuvo Teravainen.
7:54 of 1st period - Stopped by Scott Wedgewood without a rebound.
7:55 of 1st period - Nazem Kadri wins face-off versus Robert Thomas in St.Louis Blues zone.
8:10 of 1st period - Slapshot by Nazem Kadri.
8:10 of 1st period - Shot Blocked by Yanni Gourde.
8:26 of 1st period - Penalty to Tage Thompson is over, Tage Thompson is back on ice.
8:38 of 1st period - Wrist shot by Elias Pettersson.
8:38 of 1st period - Stopped by Linus Ullmark with a rebound.
8:40 of 1st period - Wrist shot by Alex Tuch.
8:40 of 1st period - Stopped by Linus Ullmark with a rebound.
9:30 of 1st period - Tage Thompson is hit by Chandler Stephenson and loses puck.
10:03 of 1st period - Icing by Ivan Provorov.
10:04 of 1st period - Radek Faksa wins face-off versus Elias Pettersson in Anaheim Ducks zone.
10:25 of 1st period - Snap shot by William Nylander.
10:25 of 1st period - Shot Misses the Net.
10:27 of 1st period - Slapshot by Ivan Provorov.
10:27 of 1st period - Shot Blocked by Tage Thompson.
10:29 of 1st period - Snap shot by William Nylander.
10:29 of 1st period - Stopped by Scott Wedgewood with a rebound.
10:31 of 1st period - Slapshot by William Nylander.
10:31 of 1st period - Shot Misses the Net.
10:33 of 1st period - Slapshot by Josh Morrissey.
10:33 of 1st period - Stopped by Scott Wedgewood with a rebound.
10:47 of 1st period - Snap shot by Alex Killorn.
10:47 of 1st period - Stopped by Scott Wedgewood with a rebound.
10:49 of 1st period - Wrist shot by Jakob Chychrun.
10:49 of 1st period - Stopped by Scott Wedgewood without a rebound.
10:50 of 1st period - Chandler Stephenson wins face-off versus Jack Eichel in St.Louis Blues zone.
11:01 of 1st period - Slapshot by Chandler Stephenson.
11:01 of 1st period - Stopped by Scott Wedgewood with a rebound.
11:03 of 1st period - Slapshot by Esa Lindell.
11:03 of 1st period - Stopped by Scott Wedgewood without a rebound.
11:04 of 1st period - Nazem Kadri wins face-off versus Elias Pettersson in St.Louis Blues zone.
11:19 of 1st period - Alex Tuch is hit by Nazem Kadri and loses puck.
11:42 of 1st period - Slapshot by Alex DeBrincat.
11:42 of 1st period - Shot Misses the Net.
12:13 of 1st period - Snap shot by Yanni Gourde.
12:13 of 1st period - Shot Blocked by Josh Morrissey.
12:15 of 1st period - Snap shot by Ondrej Kase.
12:15 of 1st period - Stopped by Linus Ullmark with a rebound.
12:17 of 1st period - Slapshot by Ondrej Kase.
12:17 of 1st period - Shot Misses the Net.
12:19 of 1st period - Slapshot by Morgan Rielly.
12:19 of 1st period - Shot Blocked by Ivan Provorov.
12:21 of 1st period - Slapshot by Yanni Gourde.
12:21 of 1st period - Stopped by Linus Ullmark with a rebound.
12:23 of 1st period - Wrist shot by Yanni Gourde.
12:23 of 1st period - Stopped by Linus Ullmark without a rebound.
12:24 of 1st period - Elias Pettersson wins face-off versus Nazem Kadri in Anaheim Ducks zone.
12:25 of 1st period - Snap shot by Jake Guentzel.
12:25 of 1st period - Shot Misses the Net.
12:27 of 1st period - Snap shot by Jake Guentzel.
12:27 of 1st period - Shot Misses the Net.
12:29 of 1st period - Wrist shot by Elias Pettersson.
12:29 of 1st period - Shot Misses the Net.
12:31 of 1st period - Snap shot by Alex Tuch.
12:31 of 1st period - Shot Misses the Net.
12:33 of 1st period - Wrist shot by Elias Pettersson.
12:33 of 1st period - Deflect By Alex Tuch.
12:33 of 1st period - Shot Misses the Net.
12:33 of 1st period - Puck is out of play.
12:34 of 1st period - Elias Pettersson wins face-off versus Nazem Kadri in Anaheim Ducks zone.
12:35 of 1st period - Snap shot by Jake Guentzel.
12:35 of 1st period - Shot Misses the Net.
12:37 of 1st period - Backhand shot by Alex Pietrangelo.
12:37 of 1st period - Stopped by Linus Ullmark without a rebound.
12:38 of 1st period - Elias Pettersson wins face-off versus Nazem Kadri in Anaheim Ducks zone.
13:18 of 1st period - Off-side.
13:19 of 1st period - John Tavares wins face-off versus Robert Thomas in neutral zone.
13:24 of 1st period - Adam Pelech is hit by John Tavares and loses puck.
14:10 of 1st period - Alex Pietrangelo is hit by Chandler Stephenson and loses puck.
14:19 of 1st period - Snap shot by Evander Kane.
14:19 of 1st period - Shot Misses the Net.
15:00 of 1st period - Slapshot by Elias Pettersson.
15:00 of 1st period - Shot Misses the Net.
15:02 of 1st period - Slapshot by Alex Tuch.
15:02 of 1st period - Shot Misses the Net.
15:04 of 1st period - Snap shot by Elias Pettersson.
15:04 of 1st period - Shot Misses the Net.
15:20 of 1st period - Wrist shot by Alex DeBrincat.
15:20 of 1st period - Shot Misses the Net.
15:22 of 1st period - Snap shot by Robert Thomas.
15:22 of 1st period - Shot Misses the Net.
15:48 of 1st period - Chandler Stephenson is hit by Ondrej Kase and loses puck.
16:13 of 1st period - Mark Scheifele is hit by Jake Guentzel and loses puck.
17:02 of 1st period - Wrist shot by Yanni Gourde.
17:02 of 1st period - Shot Misses the Net.
17:04 of 1st period - Slapshot by Jonas Brodin.
17:04 of 1st period - Deflect By Nazem Kadri.
17:04 of 1st period - Stopped by Linus Ullmark with a rebound.
17:06 of 1st period - Snap shot by Yanni Gourde.
17:06 of 1st period - Shot Blocked by Josh Manson.
17:08 of 1st period - Snap shot by Frederick Gaudreau.
17:08 of 1st period - Stopped by Linus Ullmark with a rebound.
17:10 of 1st period - Snap shot by Frederick Gaudreau.
17:10 of 1st period - Shot Misses the Net.
17:12 of 1st period - Slapshot by Jonas Brodin.
17:12 of 1st period - Stopped by Linus Ullmark with a rebound.
18:24 of 1st period - Ivan Provorov is hit by Ondrej Kase and loses puck.
18:41 of 1st period - Colton Parayko is hit by Nazem Kadri and loses puck.
19:02 of 1st period - Alex Pietrangelo is hit by J.T. Compher and loses puck.
19:23 of 1st period - Nazem Kadri is hit by Evander Kane and loses puck.
19:42 of 1st period - Wrist shot by Frederick Gaudreau.
19:42 of 1st period - Deflect By Jakob Chychrun.
19:42 of 1st period - Shot Misses the Net.
19:42 of 1st period - Puck is out of play.
19:43 of 1st period - Chandler Stephenson wins face-off versus Ondrej Kase in Anaheim Ducks zone.
19:45 of 1st period - Minor Penalty to Ivan Provorov for Roughing.
19:46 of 1st period - Chandler Stephenson wins face-off versus Robert Thomas in Anaheim Ducks zone.
Goals for this period are 0 for St.Louis Blues vs 0 for Anaheim Ducks.
Shots for this period are 9 for St.Louis Blues vs 8 for Anaheim Ducks.
2nd period
0:01 of 2nd period - Robert Thomas wins face-off versus Chandler Stephenson in neutral zone.
0:29 of 2nd period - Wrist shot by Alex DeBrincat.
0:29 of 2nd period - Stopped by Linus Ullmark with a rebound.
0:31 of 2nd period - Slapshot by Tage Thompson.
0:31 of 2nd period - Shot Blocked by Brenden Dillon.
0:33 of 2nd period - Slapshot by Tage Thompson.
0:33 of 2nd period - Deflect By Joe Pavelski.
0:33 of 2nd period - Shot Misses the Net.
0:33 of 2nd period - Puck is out of play.
0:34 of 2nd period - Chandler Stephenson wins face-off versus Joe Pavelski in Anaheim Ducks zone.
0:34 of 2nd period - Chandler Stephenson is hit by Tage Thompson.
0:48 of 2nd period - Snap shot by Evander Kane.
0:48 of 2nd period - Stopped by Linus Ullmark with a rebound.
1:12 of 2nd period - Slapshot by Elias Pettersson.
1:12 of 2nd period - Stopped by Linus Ullmark with a rebound.
1:45 of 2nd period - Penalty to Ivan Provorov is over, Ivan Provorov is back on ice.
2:05 of 2nd period - Snap shot by William Nylander.
2:05 of 2nd period - Stopped by Scott Wedgewood with a rebound.
2:07 of 2nd period - Snap shot by Brenden Dillon.
2:07 of 2nd period - Shot Blocked by Jake Guentzel.
2:25 of 2nd period - Ivan Provorov is hit by Morgan Rielly and loses puck.
3:45 of 2nd period - Alex DeBrincat is hit by John Tavares and loses puck.
3:50 of 2nd period - Wrist shot by John Tavares.
3:50 of 2nd period - Shot Misses the Net.
4:34 of 2nd period - Robert Thomas is hit by Radek Faksa and loses puck.
4:41 of 2nd period - Wrist shot by Alex DeBrincat.
4:41 of 2nd period - Shot Misses the Net.
4:51 of 2nd period - Snap shot by Alex DeBrincat.
4:51 of 2nd period - Stopped by Linus Ullmark without a rebound.
4:52 of 2nd period - Jack Eichel wins face-off versus Nazem Kadri in Anaheim Ducks zone.
5:05 of 2nd period - Mark Scheifele is hit by Jonas Brodin and loses puck.
5:18 of 2nd period - Wrist shot by Chandler Stephenson.
5:18 of 2nd period - Stopped by Scott Wedgewood without a rebound.
5:19 of 2nd period - Elias Pettersson wins face-off versus Chandler Stephenson in St.Louis Blues zone.
5:26 of 2nd period - Wrist shot by Elias Pettersson.
5:26 of 2nd period - Shot Blocked by Alex Killorn.
6:09 of 2nd period - Snap shot by Yanni Gourde.
6:09 of 2nd period - Shot Misses the Net.
6:46 of 2nd period - Slapshot by Nazem Kadri.
6:46 of 2nd period - Stopped by Scott Wedgewood with a rebound.
6:48 of 2nd period - Slapshot by Nazem Kadri.
6:48 of 2nd period - Stopped by Scott Wedgewood with a rebound.
7:40 of 2nd period - Wrist shot by Nazem Kadri.
7:40 of 2nd period - Shot Misses the Net.
7:42 of 2nd period - Slapshot by William Nylander.
7:42 of 2nd period - Goal by William Nylander - St.Louis Blues : 0 - Anaheim Ducks : 1.
7:43 of 2nd period - Elias Pettersson wins face-off versus Teuvo Teravainen in neutral zone.
7:54 of 2nd period - Wrist shot by Elias Pettersson.
7:54 of 2nd period - Shot Misses the Net.
7:56 of 2nd period - Snap shot by Elias Pettersson.
7:56 of 2nd period - Shot Misses the Net.
7:58 of 2nd period - Slapshot by Jonas Brodin.
7:58 of 2nd period - Stopped by Linus Ullmark without a rebound.
7:59 of 2nd period - Chandler Stephenson wins face-off versus Tage Thompson in Anaheim Ducks zone.
8:14 of 2nd period - Chandler Stephenson is hit by Robert Thomas and loses puck.
8:38 of 2nd period - Snap shot by Mason Marchment.
8:38 of 2nd period - Stopped by Scott Wedgewood with a rebound.
9:06 of 2nd period - Snap shot by Elias Pettersson.
9:06 of 2nd period - Shot Misses the Net.
9:35 of 2nd period - Icing by Esa Lindell.
9:36 of 2nd period - Jack Eichel wins face-off versus Radek Faksa in Anaheim Ducks zone.
9:37 of 2nd period - Wrist shot by Joe Pavelski.
9:37 of 2nd period - Shot Blocked by Radek Faksa.
9:39 of 2nd period - Snap shot by Morgan Rielly.
9:39 of 2nd period - Stopped by Linus Ullmark with a rebound.
9:41 of 2nd period - Slapshot by Jonas Brodin.
9:41 of 2nd period - Shot Misses the Net.
9:43 of 2nd period - Snap shot by Evander Kane.
9:43 of 2nd period - Shot Blocked by Ivan Provorov.
9:45 of 2nd period - Slapshot by Evander Kane.
9:45 of 2nd period - Shot Misses the Net.
10:15 of 2nd period - Snap shot by Calle Jarnkrok.
10:15 of 2nd period - Shot Misses the Net.
10:51 of 2nd period - Wrist shot by Jack Eichel.
10:51 of 2nd period - Shot Misses the Net.
11:09 of 2nd period - Snap shot by Evander Kane.
11:09 of 2nd period - Deflect By Joe Pavelski.
11:09 of 2nd period - Stopped by Linus Ullmark without a rebound.
11:10 of 2nd period - John Tavares wins face-off versus Elias Pettersson in Anaheim Ducks zone.
11:17 of 2nd period - Wrist shot by Teuvo Teravainen.
11:17 of 2nd period - Shot Blocked by Jake Guentzel.
11:19 of 2nd period - Slapshot by Josh Manson.
11:19 of 2nd period - Shot Blocked by Jake Guentzel.
11:45 of 2nd period - Snap shot by Alex DeBrincat.
11:45 of 2nd period - Stopped by Linus Ullmark without a rebound.
11:46 of 2nd period - Robert Thomas wins face-off versus Chandler Stephenson in Anaheim Ducks zone.
11:47 of 2nd period - Wrist shot by Tage Thompson.
11:47 of 2nd period - Shot Misses the Net.
11:49 of 2nd period - Wrist shot by Alex DeBrincat.
11:49 of 2nd period - Stopped by Linus Ullmark without a rebound.
11:50 of 2nd period - Robert Thomas wins face-off versus Chandler Stephenson in Anaheim Ducks zone.
11:59 of 2nd period - Wrist shot by Robert Thomas.
11:59 of 2nd period - Stopped by Linus Ullmark with a rebound.
12:01 of 2nd period - Wrist shot by Alex DeBrincat.
12:01 of 2nd period - Shot Misses the Net.
12:17 of 2nd period - Slapshot by Elias Pettersson.
12:17 of 2nd period - Stopped by Linus Ullmark without a rebound.
12:18 of 2nd period - Alex Tuch wins face-off versus Nazem Kadri in Anaheim Ducks zone.
12:37 of 2nd period - Slapshot by Alex Tuch.
12:37 of 2nd period - Goal by Alex Tuch - St.Louis Blues : 1 - Anaheim Ducks : 1.
12:38 of 2nd period - John Tavares wins face-off versus Elias Pettersson in neutral zone.
13:05 of 2nd period - Alex Pietrangelo is hit by Josh Morrissey and loses puck.
13:30 of 2nd period - Esa Lindell is hit by Jack Eichel and loses puck.
13:55 of 2nd period - Snap shot by Ondrej Kase.
13:55 of 2nd period - Stopped by Linus Ullmark without a rebound.
13:56 of 2nd period - Elias Pettersson wins face-off versus Radek Faksa in Anaheim Ducks zone.
14:01 of 2nd period - Snap shot by Alex Tuch.
14:01 of 2nd period - Stopped by Linus Ullmark with a rebound.
14:09 of 2nd period - Wrist shot by Elias Pettersson.
14:09 of 2nd period - Stopped by Linus Ullmark with a rebound.
14:22 of 2nd period - Minor Penalty to Morgan Rielly for Cross-checking.
14:23 of 2nd period - Nazem Kadri wins face-off versus Frederick Gaudreau in St.Louis Blues zone.
16:22 of 2nd period - Penalty to Morgan Rielly is over, Morgan Rielly is back on ice.
17:06 of 2nd period - Minor Penalty to Josh Manson for High sticking.
17:07 of 2nd period - Robert Thomas wins face-off versus Chandler Stephenson in Anaheim Ducks zone.
19:06 of 2nd period - Penalty to Josh Manson is over, Josh Manson is back on ice.
19:12 of 2nd period - Wrist shot by Chandler Stephenson.
19:12 of 2nd period - Shot Misses the Net.
19:14 of 2nd period - Wrist shot by Ivan Provorov.
19:14 of 2nd period - Stopped by Scott Wedgewood with a rebound.
19:16 of 2nd period - Slapshot by Ivan Provorov.
19:16 of 2nd period - Stopped by Scott Wedgewood without a rebound.
19:17 of 2nd period - Frederick Gaudreau wins face-off versus Nazem Kadri in St.Louis Blues zone.
19:17 of 2nd period - Frederick Gaudreau is hit by Nazem Kadri.
19:23 of 2nd period - Wrist shot by Mark Scheifele.
19:23 of 2nd period - Shot Misses the Net.
19:33 of 2nd period - Snap shot by Yanni Gourde.
19:33 of 2nd period - Shot Misses the Net.
19:45 of 2nd period - Icing by Adam Pelech.
19:46 of 2nd period - Jack Eichel wins face-off versus John Tavares in St.Louis Blues zone.
Goals for this period are 1 for St.Louis Blues vs 1 for Anaheim Ducks.
Shots for this period are 15 for St.Louis Blues vs 8 for Anaheim Ducks.
3rd period
0:01 of 3rd period - Elias Pettersson wins face-off versus Mark Scheifele in neutral zone.
0:28 of 3rd period - Slapshot by Ivan Provorov.
0:28 of 3rd period - Shot Misses the Net.
0:30 of 3rd period - Snap shot by Josh Morrissey.
0:30 of 3rd period - Stopped by Scott Wedgewood with a rebound.
0:32 of 3rd period - Slapshot by Josh Morrissey.
0:32 of 3rd period - Stopped by Scott Wedgewood with a rebound.
0:56 of 3rd period - Wrist shot by Chandler Stephenson.
0:56 of 3rd period - Shot Misses the Net.
1:06 of 3rd period - Snap shot by Mason Marchment.
1:06 of 3rd period - Shot Blocked by Jack Eichel.
1:08 of 3rd period - Slapshot by Mason Marchment.
1:08 of 3rd period - Stopped by Scott Wedgewood with a rebound.
1:28 of 3rd period - Snap shot by Nazem Kadri.
1:28 of 3rd period - Stopped by Scott Wedgewood without a rebound.
1:29 of 3rd period - Nazem Kadri wins face-off versus Elias Pettersson in St.Louis Blues zone.
2:25 of 3rd period - Morgan Rielly is hit by Mason Marchment and loses puck.
2:36 of 3rd period - Slapshot by Morgan Rielly.
2:36 of 3rd period - Stopped by Linus Ullmark without a rebound.
2:37 of 3rd period - Chandler Stephenson wins face-off versus Jack Eichel in Anaheim Ducks zone.
2:37 of 3rd period - Chandler Stephenson is hit by Joe Pavelski.
3:29 of 3rd period - Minor Penalty to Adam Pelech for Hooking.
3:30 of 3rd period - Nazem Kadri wins face-off versus Frederick Gaudreau in St.Louis Blues zone.
3:33 of 3rd period - Wrist shot by Nazem Kadri.
3:33 of 3rd period - Goal by Nazem Kadri - St.Louis Blues : 1 - Anaheim Ducks : 2.
3:34 of 3rd period - Elias Pettersson wins face-off versus Nazem Kadri in neutral zone.
3:47 of 3rd period - Snap shot by Alex Tuch.
3:47 of 3rd period - Shot Misses the Net.
4:01 of 3rd period - Elias Pettersson is hit by Alex Killorn and loses puck.
4:14 of 3rd period - Slapshot by Alex Tuch.
4:14 of 3rd period - Deflect By Elias Pettersson.
4:14 of 3rd period - Shot Blocked by Jakob Chychrun.
4:14 of 3rd period - Puck is out of play.
4:15 of 3rd period - Nazem Kadri wins face-off versus Alex DeBrincat in Anaheim Ducks zone.
4:15 of 3rd period - Nazem Kadri is hit by Alex DeBrincat.
4:24 of 3rd period - Minor Penalty to Morgan Rielly for Tripping.
4:25 of 3rd period - Nazem Kadri wins face-off versus Frederick Gaudreau in St.Louis Blues zone.
6:24 of 3rd period - Penalty to Morgan Rielly is over, Morgan Rielly is back on ice.
6:27 of 3rd period - Slapshot by Esa Lindell.
6:27 of 3rd period - Stopped by Scott Wedgewood without a rebound.
6:28 of 3rd period - Radek Faksa wins face-off versus Elias Pettersson in St.Louis Blues zone.
6:29 of 3rd period - Snap shot by Mason Marchment.
6:29 of 3rd period - Stopped by Scott Wedgewood with a rebound.
6:43 of 3rd period - Wrist shot by Alex Tuch.
6:43 of 3rd period - Shot Misses the Net.
6:55 of 3rd period - Snap shot by Alex Killorn.
6:55 of 3rd period - Shot Blocked by Alex DeBrincat.
8:18 of 3rd period - William Nylander is hit by Evander Kane and loses puck.
8:27 of 3rd period - Wrist shot by Evander Kane.
8:27 of 3rd period - Shot Blocked by Jakob Chychrun.
8:29 of 3rd period - Snap shot by Colton Parayko.
8:29 of 3rd period - Shot Hit the Post.
8:55 of 3rd period - Slapshot by Calle Jarnkrok.
8:55 of 3rd period - Stopped by Scott Wedgewood with a rebound.
8:57 of 3rd period - Slapshot by Calle Jarnkrok.
8:57 of 3rd period - Shot Hit the Post.
8:59 of 3rd period - Snap shot by Calle Jarnkrok.
8:59 of 3rd period - Shot Misses the Net.
9:29 of 3rd period - Snap shot by Alex Killorn.
9:29 of 3rd period - Shot Misses the Net.
9:36 of 3rd period - Icing by Danny DeKeyser.
9:37 of 3rd period - Elias Pettersson wins face-off versus John Tavares in St.Louis Blues zone.
9:37 of 3rd period - Elias Pettersson is hit by Teuvo Teravainen.
9:49 of 3rd period - Wrist shot by Elias Pettersson.
9:49 of 3rd period - Shot Misses the Net.
10:02 of 3rd period - Adam Pelech is hit by Alex Killorn and loses puck.
10:15 of 3rd period - Snap shot by Robert Thomas.
10:15 of 3rd period - Deflect By Alex DeBrincat.
10:15 of 3rd period - Stopped by Linus Ullmark without a rebound.
10:16 of 3rd period - Robert Thomas wins face-off versus Nazem Kadri in Anaheim Ducks zone.
10:57 of 3rd period - Snap shot by Alex Killorn.
10:57 of 3rd period - Stopped by Scott Wedgewood with a rebound.
10:59 of 3rd period - Wrist shot by Chandler Stephenson.
10:59 of 3rd period - Shot Misses the Net.
11:01 of 3rd period - Slapshot by Chandler Stephenson.
11:01 of 3rd period - Shot Misses the Net.
11:03 of 3rd period - Slapshot by Alex Killorn.
11:03 of 3rd period - Stopped by Scott Wedgewood without a rebound.
11:04 of 3rd period - John Tavares wins face-off versus Elias Pettersson in St.Louis Blues zone.
12:11 of 3rd period - Radek Faksa is hit by Yanni Gourde and loses puck.
12:38 of 3rd period - Slapshot by Alex Tuch.
12:38 of 3rd period - Stopped by Linus Ullmark with a rebound.
12:40 of 3rd period - Slapshot by Jake Guentzel.
12:40 of 3rd period - Shot Blocked by William Nylander.
12:42 of 3rd period - Slapshot by Colton Parayko.
12:42 of 3rd period - Shot Misses the Net.
12:44 of 3rd period - Snap shot by Elias Pettersson.
12:44 of 3rd period - Shot Blocked by Esa Lindell.
12:46 of 3rd period - Slapshot by Alex Pietrangelo.
12:46 of 3rd period - Shot Misses the Net.
12:56 of 3rd period - Wrist shot by Robert Thomas.
12:56 of 3rd period - Stopped by Linus Ullmark without a rebound.
12:57 of 3rd period - Chandler Stephenson wins face-off versus Alex DeBrincat in Anaheim Ducks zone.
13:08 of 3rd period - Wrist shot by Tage Thompson.
13:08 of 3rd period - Shot Misses the Net.
13:10 of 3rd period - Snap shot by Tage Thompson.
13:10 of 3rd period - Stopped by Linus Ullmark without a rebound.
13:11 of 3rd period - Nazem Kadri wins face-off versus Alex Tuch in Anaheim Ducks zone.
13:19 of 3rd period - Minor Penalty to Nazem Kadri for High sticking.
13:20 of 3rd period - Chandler Stephenson wins face-off versus Elias Pettersson in Anaheim Ducks zone.
13:36 of 3rd period - Wrist shot by Alex Tuch.
13:36 of 3rd period - Shot Blocked by Ivan Provorov.
13:51 of 3rd period - Slapshot by Josh Manson.
13:51 of 3rd period - Shot Blocked by Joe Pavelski.
15:19 of 3rd period - Penalty to Nazem Kadri is over, Nazem Kadri is back on ice.
15:37 of 3rd period - Alex Pietrangelo is hit by Teuvo Teravainen and loses puck.
15:41 of 3rd period - Icing by Tage Thompson.
15:42 of 3rd period - Nazem Kadri wins face-off versus Frederick Gaudreau in St.Louis Blues zone.
15:45 of 3rd period - Snap shot by Mark Scheifele.
15:45 of 3rd period - Stopped by Scott Wedgewood without a rebound.
15:46 of 3rd period - Robert Thomas wins face-off versus Nazem Kadri in St.Louis Blues zone.
15:53 of 3rd period - Wrist shot by Robert Thomas.
15:53 of 3rd period - Deflect By Tage Thompson.
15:53 of 3rd period - Stopped by Linus Ullmark without a rebound.
15:54 of 3rd period - Chandler Stephenson wins face-off versus Robert Thomas in Anaheim Ducks zone.
16:38 of 3rd period - Snap shot by Teuvo Teravainen.
16:38 of 3rd period - Goal by Teuvo Teravainen - St.Louis Blues : 1 - Anaheim Ducks : 3.
16:39 of 3rd period - Chandler Stephenson wins face-off versus Elias Pettersson in neutral zone.
16:42 of 3rd period - Slapshot by Josh Morrissey.
16:42 of 3rd period - Stopped by Scott Wedgewood without a rebound.
16:43 of 3rd period - Elias Pettersson wins face-off versus Chandler Stephenson in St.Louis Blues zone.
16:56 of 3rd period - Wrist shot by Alex Killorn.
16:56 of 3rd period - Shot Misses the Net.
16:58 of 3rd period - Slapshot by Josh Morrissey.
16:58 of 3rd period - Stopped by Scott Wedgewood with a rebound.
17:00 of 3rd period - Slapshot by Josh Morrissey.
17:00 of 3rd period - Stopped by Scott Wedgewood without a rebound.
17:01 of 3rd period - Mark Scheifele wins face-off versus Jack Eichel in St.Louis Blues zone.
17:28 of 3rd period - Josh Morrissey is hit by Elias Pettersson and loses puck.
17:57 of 3rd period - Snap shot by Robert Thomas.
17:57 of 3rd period - Shot Misses the Net.
17:59 of 3rd period - Minor Penalty to John Tavares for Holding.
18:00 of 3rd period - Chandler Stephenson wins face-off versus Robert Thomas in Anaheim Ducks zone.
18:00 of 3rd period - Chandler Stephenson is hit by Alex Tuch.
18:06 of 3rd period - Wrist shot by Jakob Chychrun.
18:06 of 3rd period - Stopped by Scott Wedgewood with a rebound.
18:10 of 3rd period - Snap shot by Alex Killorn.
18:10 of 3rd period - Shot Misses the Net.
18:12 of 3rd period - Slapshot by Josh Manson.
18:12 of 3rd period - Stopped by Scott Wedgewood with a rebound.
18:14 of 3rd period - Slapshot by Jakob Chychrun.
18:14 of 3rd period - Deflect By Chandler Stephenson.
18:14 of 3rd period - Shot Misses the Net.
18:14 of 3rd period - Puck is out of play.
18:15 of 3rd period - Chandler Stephenson wins face-off versus Robert Thomas in St.Louis Blues zone.
18:22 of 3rd period - Snap shot by Alex Killorn.
18:22 of 3rd period - Stopped by Scott Wedgewood without a rebound.
18:23 of 3rd period - Chandler Stephenson wins face-off versus Robert Thomas in St.Louis Blues zone.
18:28 of 3rd period - Slapshot by Alex Killorn.
18:28 of 3rd period - Shot Blocked by Alex Tuch.
18:30 of 3rd period - Slapshot by Esa Lindell.
18:30 of 3rd period - Deflect By Chandler Stephenson.
18:30 of 3rd period - Stopped by Scott Wedgewood without a rebound.
18:31 of 3rd period - Robert Thomas wins face-off versus Chandler Stephenson in St.Louis Blues zone.
19:02 of 3rd period - Wrist shot by J.T. Compher.
19:02 of 3rd period - Shot Misses the Net.
19:12 of 3rd period - Slapshot by J.T. Compher.
19:12 of 3rd period - Stopped by Scott Wedgewood without a rebound.
19:13 of 3rd period - Robert Thomas wins face-off versus Chandler Stephenson in St.Louis Blues zone.
19:20 of 3rd period - Slapshot by Elias Pettersson.
19:20 of 3rd period - Goal by Elias Pettersson - St.Louis Blues : 2 - Anaheim Ducks : 3.
19:21 of 3rd period - Robert Thomas wins face-off versus Chandler Stephenson in neutral zone.
19:21 of 3rd period - Robert Thomas is hit by Radek Faksa.
19:25 of 3rd period - Alex Killorn is hit by Alex Tuch and loses puck.
19:28 of 3rd period - St.Louis Blues, Scott Wedgewood is pulled from the net.
19:40 of 3rd period - Snap shot by Alex Tuch.
19:40 of 3rd period - Shot Blocked by Ivan Provorov.
19:46 of 3rd period - Snap shot by Alex Tuch.
19:46 of 3rd period - Deflect By Elias Pettersson.
19:46 of 3rd period - Shot Misses the Net.
19:46 of 3rd period - Puck is out of play.
19:47 of 3rd period - Mike Sullivan call a timeout for St.Louis Blues.
19:47 of 3rd period - Robert Thomas wins face-off versus Chandler Stephenson in Anaheim Ducks zone.
19:56 of 3rd period - Slapshot by Elias Pettersson.
19:56 of 3rd period - Shot Misses the Net.
19:58 of 3rd period - Snap shot by Jake Guentzel.
19:58 of 3rd period - Shot Blocked by Ivan Provorov.
Goals for this period are 1 for St.Louis Blues vs 2 for Anaheim Ducks.
Shots for this period are 7 for St.Louis Blues vs 20 for Anaheim Ducks.
Back to the Top